 Dungeon Crawl Stone Soup version 0.30.1-11-g7821555f0a (webtiles) character file.

Game seed: 10645071491029104932

33 flappity the Shooter (level 3, 0/22 HPs)
             Began as a Kobold Hexslinger on Dec 17, 2023.
             Slain by a goblin
             ... wielding a +0 club
              (2 damage)
             ... on level 1 of the Dungeon.
             The game lasted 00:01:42 (1271 turns).

flappity the Shooter (Kobold Hexslinger)            Turns: 1271, Time: 00:01:42

Health: 0/22       AC:  6    Str:  7    XL:     3   Next: 47%
Magic:  4/4        EV: 12    Int: 14    God:
Gold:   49         SH:  0    Dex: 17    Spells: 3/4 levels left

rFire   . . .        a - +1 sling
rCold   . . .        (no shield)
rNeg    . . .        g - +0 ring mail
rPois   .            (no helmet)
rElec   .            j - +0 cloak
rCorr   .            (no gloves)
SInv    .            (no boots)
Will    .....        (no amulet)
Stlth   ++           (no ring)
HPRegen 0.23/turn    (no ring)
MPRegen 0.09/turn

%: no passive effects
@: no status effects
A: small, no large weapons, nightstalker 3
a: no special abilities


You were on level 1 of the Dungeon.
You visited 1 branch of the dungeon, and saw 2 of its levels.

You collected 49 gold pieces.


Innate Abilities, Weirdness & Mutations

You are small and have problems with some larger weapons.
You are completely attuned to the shadows.


   Skills:
 * Level 2.5 Fighting
 + Level 3.3 Ranged Weapons
 + Level 3.0 Dodging
 - Level 1.1 Spellcasting
 - Level 3.0 Hexes


You had 3 spell levels left.
You knew the following spells:

 Your Spells              Type           Power      Damage    Failure   Level
s - Slow                  Hex            36%        N/A       26%         1

Your spell library contained the following spells:

 Spells                   Type           Power      Damage    Failure   Level
 Inner Flame              Hex/Fire       4%         N/A       83%         3
 Portal Projectile        Hex/Tloc       8%         N/A       83%         3
 Cause Fear               Hex            4%         N/A       95%         4

Inventory:

Hand Weapons
 a - a +1 sling (weapon)
Missiles
 i - 6 atropa-tipped darts
Armour
 c - a +0 robe
 g - a +0 ring mail (worn)
 j - a +0 cloak (worn)
Jewellery
 h - a +6 ring of dexterity
Scrolls
 b - a scroll of poison
 k - a scroll of vulnerability {unknown}
 l - a scroll of teleportation {unknown}
Potions
 d - 2 potions of mutation {unknown}
 e - a potion of heal wounds {unknown}


Message History

Fire: a) +1 sling
Press: ? - help, Q - select action, (/) - cycle Shift-Dir - straight line, f - you That would be overly suicidal.
Okay, then.
Fire: a) +1 sling
Press: ? - help, Q - select action, (/) - cycle Shift-Dir - straight line, f - you That would be overly suicidal.
Okay, then.
You start resting.
HP restored.
You climb downwards.
Level annotation: Ijyb The goblin hits you with a +0 club.
Ijyb screams, "Me very upset!"
There is a stone staircase leading up, spattered with blood here.
You take 2 damage.
You shoot a sling bullet.
The sling bullet closely misses the goblin.
The goblin barely misses you.
A goblin comes into view. It is wielding a +0 war axe.
The goblin hits you but does no damage. Ijyb hits you but does no damage.
You shoot a sling bullet. The sling bullet closely misses Ijyb.
The sling bullet hits the goblin.
The goblin is heavily wounded.
The goblin barely misses you. Ijyb hits you with a +0 dagger.
You take 3 damage.
You shoot a sling bullet. The sling bullet closely misses Ijyb.
The sling bullet barely misses the goblin.
The goblin hits you but does no damage. Ijyb closely misses you.
The goblin hits you but does no damage. Ijyb hits you with a +0 dagger.
You take 1 damage.
You shoot a sling bullet. The sling bullet barely misses Ijyb.
The sling bullet hits the goblin.
You kill the goblin!
Ijyb zaps a wand.
The puff of flame hits you! The goblin barely misses you.
You take 7 damage.
You are too injured to fight recklessly!
Ijyb zaps a wand.
The puff of flame hits you! The goblin hits you but does no damage.
You climb upwards.
There is a stone staircase leading down, spattered with blood here.
You take 9 damage.
You are too injured to fight recklessly!
As you read the scroll labelled NUTU ZIRPHEIRO, it crumbles to dust.
It is a scroll of amnesia.
Really abort (and waste the scroll)?
Okay, then.
The goblin barely misses you. Ijyb closely misses you.
The goblin hits you with a +0 club.
You die...

▒▒▒▒▒
▒▒▒▒▒▒▒▒▒▒▒▒▒▒∙∙∙▒▒▒▒▒▒▒▒▒
▒∙∙∙∙∙∙▒>g∙∙∙■∙∙∙'∙∙∙∙∙∙∙∙
▒∙∙∙∙∙∙▒gK▒▒▒▒∙∙∙▒▒▒▒▒▒▒∙∙
▒∙∙∙∙∙∙▒∙∙∙∙▒▒∙∙∙▒▒ ▒∙∙
▒∙∙∙∙∙∙'∙∙∙∙∙∙∙∙∙∙▒ ▒∙∙
▒∙)∙∙∙∙▒∙▒▒▒∙∙▒▒▒∙▒▒▒ ▒∙∙
▒∙∙∙∙∙∙∙∙∙∙∙∙∙)∙∙∙∙∙▒ ▒∙∙
▒∙∙∙∙∙∙∙∙∙∙∙∙∙▒▒▒∙▒∙▒▒▒▒∙∙
▒∙∙∙∙∙∙▒∙▒∙∙∙∙∙∙∙∙∙∙∙∙∙∙∙∙
▒▒▒▒∙▒▒▒∙▒)∙∙∙∙∙▒▒▒▒∙▒∙▒∙▒▒▒∙
▒▒∙∙∙∙▒ ▒∙▒∙∙▒∙∙∙▒ ▒∙▒∙▒∙▒ ▒∙


You could see Ijyb and a goblin.

Vanquished Creatures
  An adder (D:1)
  3 endoplasms (D:1)
  6 goblins
  2 hobgoblins (D:1)
  A quokka (D:1)
  3 ball pythons (D:1)
  A bat (D:1)
  A frilled lizard (D:1)
  2 kobolds
  3 rats (D:1)
23 creatures vanquished.

Notes
Turn   | Place    | Note
-------+----------+-------------------------------------------
     0 | D:1      | flappity the Kobold Hexslinger began the quest for the Orb.
     0 | D:1      | Reached XP level 1. HP: 12/12 MP: 2/2
   270 | D:1      | Reached XP level 2. HP: 17/17 MP: 3/3
   274 | D:1      | Reached skill level 3 in Ranged Weapons
   301 | D:1      | Reached skill level 2 in Fighting
  1152 | D:1      | Reached skill level 3 in Dodging
  1152 | D:1      | Reached XP level 3. HP: 12/22 MP: 4/4
  1213 | D:2      | Noticed Ijyb
  1268 | D:2      | HP: 1/22 [Ijyb/puff of flame (9)]
  1271 | D:1      | Slain by a goblin

Levels and vault maps discovered:
D:1:      amcnicky_arrival_wind_blow, layout_basic, minmay_splitting_lines
D:2:      kennysheep_the_goblin_king, layout_loops_ring, bh_walls_and_bars

Action                     || total
---------------------------++-------
   Fire: Sling             ||    73
    Use: Scroll            ||     1
 Armour: Ring mail         ||    22
  Dodge: Dodged            ||    41
